 Dungeon Crawl Stone Soup version 0.30-a0-845-g7c6808c8ce (webtiles) character file.

Game seed: 5162053925890618041

290 qeuew the Conjurer (level 6, -1/36 HPs)
             Began as a Tengu Reaver on Mar 2, 2023.
             Slain by a sleepcap (19 damage)
             ... on level 4 of the Dungeon.
             The game lasted 00:03:39 (3268 turns).

qeuew the Conjurer (Tengu Reaver)                   Turns: 3268, Time: 00:03:39

Health: -1/36      AC:  4    Str: 15    XL:     6   Next: 32%
Magic:  11/11      EV:  2    Int: 13    God:
Gold:   156        SH:  0    Dex: 12    Spells: 5/10 levels left

rFire   . . .      SeeInvis .    a - +1 mace
rCold   . . .      Faith    .    (no shield)
rNeg    . . .      Spirit   .    b - +1 leather armour
rPois   .          Reflect  .    (helmet restricted)
rElec   .          Rampage  .    (no cloak)
rCorr   .                        (no gloves)
Will    .....                    (boots unavailable)
Stlth   +                        (no amulet)
HPRegen 0.26/turn                (no ring)
MPRegen 0.12/turn                (no ring)

@: sleeping, flying quickly and evasively, quick
A: beak, talons 3, nimble flight
a: no special abilities


You were on level 4 of the Dungeon.
You visited 1 branch of the dungeon, and saw 4 of its levels.

You collected 156 gold pieces.

Inventory:

Hand Weapons
 a - a +1 mace (weapon)
Armour
 b - a +1 leather armour (worn)
Jewellery
 j - a ring of resist corrosion
Scrolls
 c - 2 scrolls of enchant weapon
 d - 2 scrolls of identify
 e - a scroll of silence {unknown}
 i - a scroll of teleportation {unknown}
 k - a scroll of enchant armour
 l - a scroll of amnesia
Potions
 f - a potion of attraction {unknown}
 g - 3 potions of curing
 h - a potion of brilliance {unknown}


   Skills:
 + Level 2.7 Fighting
 * Level 4.6 Maces & Flails
 + Level 2.1 Armour
 + Level 3.1 Dodging
 + Level 2.6 Spellcasting
 * Level 5.6 Conjurations
 + Level 1.2 Fire Magic


You had 5 spell levels left.
You knew the following spells:

 Your Spells              Type           Power      Damage    Failure   Level
a - Kiss of Death         Conj/Necr      36%        2d8       10%         1
b - Flame Wave            Conj/Fire      10%        2d6       56%         4

Your spell library contained the following spells:

 Spells                   Type           Power      Damage    Failure   Level
 Momentum Strike          Conj/Tloc      18%        3d8       14%         2
 Hailstorm                Conj/Ice       9%         3d4       28%         3
 Inner Flame              Hex/Fire       3%         N/A       56%         3
 Sticky Flame             Conj/Fire      10%        2d3       56%         4


Dungeon Overview and Level Annotations

Branches:
Dungeon (4/15)
 Temple: D:4-7

Altars:
Dithmenos
Okawaru
Ru
Uskayaw
Wu Jian
The Shining One

Shops:
D:1 *   D:2 *


Innate Abilities, Weirdness & Mutations

You have a beak for a mouth.
You have claws for feet.
Your magical nature lets you fly swiftly and evasively.


Message History

Found a hand axe.
No target in view!
Found a stone staircase leading down.
Key pressed, stopping explore.
No target in view!
l - a scroll of amnesia No target in view!
No target in view!
A sleepcap comes into view.
A sleepcap is nearby!
A sleepcap is nearby!
Found 13 gold pieces.
The sleepcap releases spores at you.
You are engulfed in a cloud of soporific spores!
You fall asleep.
The sleepcap releases spores at you!
You wake up.
You are engulfed in a cloud of soporific spores!
You are unaffected.
You hit the sleepcap.
The sleepcap is lightly damaged.
The sleepcap barely misses you.
You hit the sleepcap but do no damage. You claw the sleepcap.
The sleepcap is moderately damaged.
The sleepcap releases spores at you.
You are engulfed in a cloud of soporific spores!
You sock the sleepcap! You claw the sleepcap.
The sleepcap is heavily damaged.
The sleepcap closely misses you.
You hit the sleepcap but do no damage. You claw the sleepcap.
The sleepcap is severely damaged.
The sleepcap barely misses you.
You hit the sleepcap but do no damage. You claw the sleepcap.
The sleepcap is severely damaged.
The sleepcap releases spores at you.
You are engulfed in a cloud of soporific spores!
You fall asleep.
The sleepcap completely misses you. The sleepcap releases spores at you!!
Ouch! That really hurt!
You die...

######## #......#
#......#
#......##############
#......##............
#.?....##.....#######
#...f..##.....#......
#...@..##.....#.#####
#.............# #.
##.............# #.
#.$..$........).# #.
#....##.........# ##
#...$ #.......##....
# #.... #.......#
.### # +....
+>......+ .... # #...
#.......# ####.##


You could see a sleepcap.

Vanquished Creatures
  A hound (D:4)
  An orc priest (D:3)
  A jelly (D:4)
  An orc wizard (D:4)
  7 adders
  A white imp (D:4)
  3 worms
  16 orcs
  9 ball pythons
  8 endoplasms
  A giant cockroach (D:1)
  4 goblins
  2 hobgoblins
  7 jackals
  2 kobolds
  3 quokkas
  6 bats
  2 frilled lizards
  6 rats
81 creatures vanquished.

Vanquished Creatures (others)
  A plant (D:1)
1 creature vanquished.

Grand Total: 82 creatures vanquished

Notes
Turn   | Place    | Note
-------+----------+-------------------------------------------
     0 | D:1      | qeuew the Tengu Reaver began the quest for the Orb.
     0 | D:1      | Reached XP level 1. HP: 12/12 MP: 4/4
   217 | D:1      | Reached XP level 2. HP: 17/17 MP: 6/6
   719 | D:1      | Found Niexitix's Assorted Antiques.
  1169 | D:2      | Reached XP level 3. HP: 21/21 MP: 7/7
  1272 | D:2      | Found an iron altar of Okawaru.
  1293 | D:2      | Reached skill level 1 in Armour
  1639 | D:2      | Reached XP level 4. HP: 16/26 MP: 8/8
  1818 | D:2      | Found Con Biut's General Store.
  2258 | D:2      | Learned a level 4 spell: Flame Wave
  2298 | D:3      | Reached skill level 5 in Conjurations
  2298 | D:3      | Gained mutation: Your magical nature lets you fly swiftly
                  | and evasively. [Tengu growth]
  2298 | D:3      | Reached XP level 5. HP: 26/31 MP: 9/9
  2354 | D:3      | Found a shadowy altar of Dithmenos.
  2385 | D:3      | Found a sacrificial altar of Ru.
  2385 | D:3      | Found an ornate altar of the Wu Jian Council.
  2635 | D:3      | You are sucked into a shaft and drop 1 floor!
  2841 | D:4      | Found a hide-covered altar of Uskayaw.
  2842 | D:4      | Found a glowing golden altar of the Shining One.
  3016 | D:4      | Reached skill level 1 in Fire Magic
  3186 | D:4      | Reached XP level 6. HP: 35/36 MP: 10/10
  3268 | D:4      | Slain by a sleepcap

Illustrated notes

Levels and vault maps discovered:
D:1:      nzn_arrival_depleted_hourglass, layout_basic, serial_shops,
          nicolae_lakefront_shop, serial_forest, infiniplex_forest_zigzag_1,
          infiniplex_forest_straight_1, infiniplex_forest_clump_small,
          infiniplex_forest_lined_3, infiniplex_forest_straight_1,
          infiniplex_forest_clump_curved, infiniplex_forest_clump_medium,
          infiniplex_forest_lined_room_2
D:2:      minmay_chambers_of_ones, layout_loops_corners, basic_altar,
          serial_shops, shop
D:3:      kennysheep_six_static_rooms, layout_basic, general_overflow_altar,
          gammafunk_temple_overflow_statue, grunt_ministairs_2, st_stairs_2,
          minmay_stone_trees_small
D:4:      layout_basic, mainiacjoe_overflow_paths,
          nicolae_overflow_two_pavilions, serial_curves, eino_curves_02,
          eino_curves_03, eino_curves_04, corexii_checkpoint_a

Skill      XL: |  1  2  3  4  5 |
---------------+----------------+-----
Armour         | 1 2 |  2.1
Maces & Flails | 4 |  4.6
Conjurations   | 5 |  5.6
Dodging        | 3 |  3.1
Fire Magic     | 1 |  1.2
Fighting       | |  2.7
Spellcasting   | |  2.6

Action                     |  1- 3 |  4- 6 || total
---------------------------+-------+-------++-------
  Melee: Mace              |    71 |   120 ||   191
         Peck              |    14 |    16 ||    30
         Kick              |    13 |    28 ||    41
         Punch             |       |     1 ||     1
    Use: Scroll            |     8 |       ||     8
         Potion            |     2 |       ||     2
   Stab: Sleeping          |     1 |       ||     1
 Armour: Leather armour    |    15 |    25 ||    40
  Dodge: Dodged            |    71 |    90 ||   161

Table legend: (Time is in decaauts)
 A = Elapsed time spent in this place.
 B = Non-inter-level travel time spent in this place.
 C = Inter-level travel time spent in this place.
 D = Time resting spent in this place.
 E = Time spent auto-exploring this place.
 F = Levels seen in this place.
 G = Mean time per level.
                   A        B        C        D        E       F      G
               +--------+--------+--------+--------+--------+-----+--------+
         Total |   3236 |   3187 |     49 |      0 |   2707 |   4 |  809.0 |
       Dungeon |   3236 |   3187 |     49 |      0 |   2707 |   4 |  809.0 |
               +--------+--------+--------+--------+--------+-----+--------+

Top non-repeatable levels by time:
     D:2: 1193 daAuts
     D:1: 1114 daAuts
     D:4: 600 daAuts
     D:3: 328 daAuts
